 Dungeon Crawl Stone Soup version 0.31-a0-263-ge8cad7f256 (webtiles) character file.

Game seed: 5407376853507023631

188 dolemite99 the Insei (level 6, -5/43 HPs)
             Began as a Djinni Shapeshifter on July 14, 2023.
             Slain by a gnoll
             ... wielding a +0 flail
              (8 damage)
             ... on level 3 of the Dungeon.
             The game lasted 00:05:29 (3049 turns).

dolemite99 the Insei (Djinni Shapeshifter)          Turns: 3049, Time: 00:05:29

Health: -5/43      AC:  8    Str: 14    XL:     6   Next: 0%
Gold:   129        EV:  7    Int:  9    God:
                   SH:  0    Dex: 16

rFire   + +          .
                       - Unarmed
rCold   x . .        (no shield)
rNeg    . . .        m - +0 chain mail
rPois   ∞            (helmet currently unavailable)
rElec   .            (cloak currently unavailable)
rCorr   .            (gloves currently unavailable)
SInv    .            (boots unavailable)
Will    .....        (no amulet) Stlth
                     u - ring of wizardry
HPRegen 0.27/turn    (no ring)
MPRegen 0.00/turn

%: wizardry (x1), infuse magic (-6 HP)
@: beast-form, flying
A: beast (slay +2), flying, sickness immunity, fire resistance 2, cold
vulnerability 1, float, innate caster, HP casting, extra vitality 1
a: Begin Untransformation


You were on level 3 of the Dungeon.
You were a hulking beast.
You visited 1 branch of the dungeon, and saw 4 of its levels.

You collected 129 gold pieces.

Inventory:

Hand Weapons
 a - a +0 sling of flaming
Missiles
 e - 4 curare-tipped darts
 x - 3 poisoned darts
Armour
 m - a +0 chain mail (worn)
 v - a +0 pair of gloves
Jewellery
 u - a ring of wizardry (left hand)
Talismans
 c - a beast talisman
Wands
 d - a wand of flame (14)
Scrolls
 f - a scroll of immolation {unknown}
 g - 4 scrolls of identify {unknown}
 l - a scroll of teleportation {unknown}
 n - 2 scrolls of fear {unknown}
 o - 3 scrolls of noise {unknown}
 q - a scroll of poison {unknown}
 r - a scroll of blinking {unknown}
 w - a scroll of butterflies {unknown}
 y - a scroll of amnesia {unknown}
Potions
 h - a potion of attraction {unknown}
 j - a potion of heal wounds {unknown}
 k - a potion of resistance
 p - a potion of invisibility {unknown}
 s - a potion of degeneration {unknown}
 t - a potion of enlightenment {unknown}


   Skills:
 - Level 2.0 Fighting
 - Level 2.1 Dodging
 + Level 4.2 Unarmed Combat
 + Level 3.9 Shapeshifting


You knew the following spells:

 Your Spells              Type           Power      Damage    Failure   Level
a - Necrotise             Necr           0%         1d4       95%         1
b - Scorch                Fire           0%         2d5       99%         2
Your spell library was empty.

Dungeon Overview and Level Annotations

Branches:
Dungeon (4/15)
 Temple: D:4-7

Altars:

Shops:
D:1 :


Innate Abilities, Weirdness & Mutations

You are a hulking beast.
Your limbs bulge with bestial killing power. (Slay +2)
You are flying.
You are immune to sickness and miasma.
You are immune to poison.
Your flesh is very heat resistant. (rF++)
You are vulnerable to cold. (rC-)
You float through the air rather than walking.
You learn spells naturally, not from books.
Your magical power is your life essence.
You have superior vitality. (+4 MHP)


Message History

The gnoll hits you with a +0 flail.
You closely miss the gnoll.
The gnoll is moderately wounded.
The gnoll hits you with a +0 flail. The gnoll hits you with a +0 halberd.
The gnoll barely misses you.
You barely miss the gnoll.
The gnoll is moderately wounded.
The gnoll hits you with a +0 flail!
* * * LOW HITPOINT WARNING * * *
The gnoll hits you but does no damage. x2
Really quaff the potion of lignification?
Your transformation has ended.
You turn into a tree.
Your +0 chain mail melds into your body.
Your roots penetrate the ground.
The gnoll completely misses you. The gnoll hits you with a +0 flail.
* * * LOW HITPOINT WARNING * * *
The gnoll hits you but does no damage.
You hit the gnoll.
The gnoll is severely wounded.
The gnoll barely misses you.
The gnoll hits you but does no damage. x2
You hit the gnoll.
The gnoll is lightly wounded.
The gnoll hits you with a +0 flail.
* * * LOW HITPOINT WARNING * * *
The gnoll hits you with a +0 halberd.
* * * LOW HITPOINT WARNING * * *
The gnoll hits you but does no damage.
It was a potion of resistance.
You feel protected.
The gnoll hits you but does no damage. x2; The gnoll barely misses you.
It was a potion of cancellation.
Your magical effects are unravelling.
You feel magically purged.
You feel less wooden.
Your +0 chain mail unmelds from your body.
You turn into a hulking beast.
Your resistance to elements expires.
The gnoll barely misses you. x2; The gnoll hits you with a +0 flail!
You die...

#.....# ##.......## ##.#.#
#[#.#.######.....## ###.#
......#...###...## #.#
....#.#...# ##'## #.#
......#...####.# #.#
#.##.........#.# #.#
#............#.## #.#
####............##########.#
# ##.#...##...ghg.........#
#####.#...###.^g############
......#...####..#
########........# ##########


You could see 3 gnolls.

Vanquished Creatures
  A jelly (D:2)
  Natasha (twice) (D:3)
  An orc wizard (D:3)
  4 dart slugs
  7 orcs
  4 endoplasms
  5 goblins
  6 hobgoblins
  6 jackals
  6 quokkas
  5 ball pythons
  6 bats
  5 frilled lizards
  7 kobolds
  7 rats
72 creatures vanquished.

Notes
Turn   | Place    | Note
-------+----------+-------------------------------------------
     0 | D:1      | dolemite99 the Djinni Shapeshifter began the quest for the
                  | Orb.
     0 | D:1      | Reached XP level 1. HP: 18/18 MP: 0/0
   396 | D:1      | Reached XP level 2. HP: 23/23 MP: 0/0
   509 | D:1      | Found Fukuggio's Book Boutique.
   784 | D:1      | Reached XP level 3. HP: 28/28 MP: 0/0
   784 | D:1      | Learned a level 1 spell: Necrotise
  1254 | D:2      | Reached skill level 3 in Unarmed Combat
  1254 | D:2      | Reached XP level 4. HP: 24/33 MP: 0/0
  2093 | D:3      | Noticed Natasha
  2096 | D:3      | Killed Natasha
  2097 | D:3      | Reached XP level 5. HP: 32/38 MP: 0/0
  2097 | D:3      | Learned a level 2 spell: Scorch
  2206 | D:3      | Reached skill level 4 in Unarmed Combat
  2528 | D:3      | Noticed Natasha
  2536 | D:3      | Killed Natasha
  2987 | D:4      | Reached XP level 6. HP: 43/43 MP: 0/0
  3049 | D:3      | Slain by a gnoll

Illustrated notes

Levels and vault maps discovered:
D:1:      amcnicky_arrival_choice, layout_loops_ring, serial_shops,
          nicolae_book_shop_shelving, serial_aquarium, aquarium_bridge_square
          [aquarium_subvault_bridge, aquarium_subvault_balcony,
          aquarium_subvault_bridge, aquarium_subvault_window],
          aquarium_window_1, aquarium_window_1, aquarium_window_2,
          aquarium_window_1, aquarium_view_2d, aquarium_view_2b,
          aquarium_balcony_double_4, aquarium_pool_corner
D:2:      layout_loops_cross
D:3:      layout_loops_corners, minmay_misc_feat_iff, uniq_natasha
D:4:      layout_cave_pods, nicolae_temple_entry_ecumenical,
          sigmund_edmund_badplayer

Skill      XL: |  1  2  3  4  5 |
---------------+----------------+-----
Shapeshifting  | 3 |  3.9
Unarmed Combat | 3 4 |  4.2
Fighting       | |  2.0
Dodging        | |  2.1

Action                     |  1- 3 |  4- 6 || total
---------------------------+-------+-------++-------
  Melee: Unarmed           |    18 |    13 ||    31
         Punch             |     2 |       ||     2
   Fire: Sling             |    68 |   112 ||   180
    Use: Potion            |       |     3 ||     3
 Armour: Animal skin       |     1 |       ||     1
         Ring mail         |    13 |       ||    13
         Chain mail        |    11 |    68 ||    79
         Skin              |       |     6 ||     6
  Dodge: Dodged            |    30 |    44 ||    74

Table legend: (Time is in decaauts)
 A = Elapsed time spent in this place.
 B = Non-inter-level travel time spent in this place.
 C = Inter-level travel time spent in this place.
 D = Time resting spent in this place.
 E = Time spent auto-exploring this place.
 F = Levels seen in this place.
 G = Mean time per level.
                   A        B        C        D        E       F      G
               +--------+--------+--------+--------+--------+-----+--------+
         Total |   3179 |   3060 |    119 |    432 |   1905 |   4 |  794.8 |
       Dungeon |   3179 |   3060 |    119 |    432 |   1905 |   4 |  794.8 |
               +--------+--------+--------+--------+--------+-----+--------+

Top non-repeatable levels by time:
     D:1: 1160 daAuts
     D:3: 1108 daAuts
     D:2: 653 daAuts
     D:4: 256 daAuts
